 Dungeon Crawl Stone Soup version 0.19-a0-1821-g42c593c (webtiles) character file.

45069 benitares the Thaumaturge (level 13, -6/74 HPs)
             Began as a Deep Elf Fire Elementalist on Oct 5, 2016.
             Was a High Priest of Cheibriados.
             Mangled by a death yak (22 damage)
             ... on level 6 of the Lair of Beasts on Oct 6, 2016.
             The game lasted 01:24:18 (22984 turns).

benitares the Thaumaturge (DEFE)                   Turns: 22984, Time: 01:24:19

Health: -6/74      AC:  9    Str: 22    XL:     13   Next: 99%
Magic:  5/42       EV: 19    Int: 43    God:    Cheibriados [*****.]
Gold:   841        SH:  0    Dex: 31    Spells: 7 memorised, 18 levels left

rFire  x . .     SeeInvis .     B - +1 long sword (holy)
rCold  + + .     Gourm    .     M - +2 leather armour {rC+}
rNeg   . . .     Faith    .     (no shield)
rPois  .         Spirit   .     m - +1 hat
rElec  +         Dismiss  .     h - +0 cloak
rCorr  +         Reflect  .     H - +1 pair of gloves {Str+3}
MR     +....     Harm     .     (no boots)
Stlth  +++++.....               I - amulet of regeneration
                                y - ring of magical power
                                G - ring of Segodaoz {rCorr rElec rF- rC+ Str+3 Int+6}

@: agile, lethally poisoned (-6 -> -6), very slightly contaminated, invisible,
very slow
A: no striking features
a: Bend Time, Temporal Distortion, Slouch, Step From Time, Renounce Religion


You were on level 6 of the Lair of Beasts.
You worshipped Cheibriados.
Cheibriados was extremely pleased with you.
You were not hungry.

You visited 4 branches of the dungeon, and saw 18 of its levels.
You also visited: Ice Cave.

You collected 841 gold pieces.

Inventory:

Hand Weapons
 B - a +1 long sword of holy wrath (weapon)
Armour
 h - a +0 cloak (worn)
 m - a +1 hat (worn)
 H - a +1 pair of gloves of strength (worn)
 M - a +2 leather armour of cold resistance (worn)
 S - the +2 ice dragon armour "Kepaequ" {rF- rC++ Slay+6}
   (You found it in an ice cave)

   It affects your accuracy and damage with ranged weapons and melee attacks
   (+6).
   It makes you vulnerable to fire.
   It greatly protects you from cold.
Magical Staves
 J - an uncursed staff of poison
Jewellery
 e - the ring "Ocouxadde" {rCorr rC+}
   (You found it on level 2 of the Lair of Beasts)

   [ring of resist corrosion]

   It protects you from cold.
 q - an uncursed ring of protection from magic
 s - a +4 ring of protection
 y - a ring of magical power (right hand)
 G - the ring of Segodaoz (left hand) {rCorr rElec rF- rC+ Str+3 Int+6}
   (You found it on level 1 of the Lair of Beasts)

   [ring of resist corrosion]

   It affects your strength (+3).
   It affects your intelligence (+6).
   It makes you vulnerable to fire.
   It protects you from cold.
   It insulates you from electricity.
 I - an amulet of regeneration (around neck)
 K - an uncursed ring of poison resistance
Wands
 a - a wand of iceblast (0/15)
 F - a wand of enslavement (7/24)
Scrolls
 d - a scroll of enchant weapon
 k - 4 scrolls of recharging
 n - 4 scrolls of remove curse
 p - 4 scrolls of enchant armour
 u - a scroll of holy word
 N - a scroll of amnesia
Potions
 f - a potion of cure mutation
 g - 3 potions of lignification
 l - 4 potions of curing
 o - 3 potions of flight
 v - 3 potions of cancellation
 z - 2 potions of brilliance
 C - a potion of agility
Books
 b - a book of Flames

   Spells                             Type                      Level
   a - Flame Tongue                   Conjuration/Fire             1
   b - Throw Flame                    Conjuration/Fire             2
   c - Conjure Flame                  Conjuration/Fire             3
   d - Inner Flame                    Hexes/Fire                   3
   e - Sticky Flame                   Conjuration/Fire             4
   f - Fireball                       Conjuration/Fire             5
 w - a book of Necromancy

   Spells                             Type                      Level
   a - Pain                           Necromancy                   1
   b - Animate Skeleton               Necromancy                   1
   c - Vampiric Draining              Necromancy                   3
   d - Regeneration                   Charms/Necromancy            3
   e - Animate Dead                   Necromancy                   4
   f - Control Undead                 Necromancy                   4
 D - a book of Debilitation

   Spells                             Type                      Level
   a - Corona                         Hexes                        1
   b - Slow                           Hexes                        2
   c - Gell's Gravitas                Hexes/Translocation          3
   d - Inner Flame                    Hexes/Fire                   3
   e - Cause Fear                     Hexes                        4
   f - Leda's Liquefaction            Hexes/Earth                  4
 O - a book of Beasts

   Spells                             Type                      Level
   a - Summon Butterflies             Summoning                    1
   b - Call Canine Familiar           Summoning                    3
   c - Summon Ice Beast               Ice/Summoning                4
   d - Summon Mana Viper              Hexes/Summoning              5
   e - Summon Hydra                   Summoning                    7
 Q - a book of Geomancy

   Spells                             Type                      Level
   a - Sandblast                      Earth                        1
   b - Passwall                       Transmutation/Earth          2
   c - Stone Arrow                    Conjuration/Earth            3
   d - Petrify                        Transmutation/Earth          4
   e - Lee's Rapid Deconstruction     Earth                        5
 R - a book of Spatial Translocations

   Spells                             Type                      Level
   a - Blink                          Translocation                2
   b - Shroud of Golubria             Charms/Translocation         2
   c - Lesser Beckoning               Translocation                3
   d - Portal Projectile              Translocation                3
   e - Teleport Other                 Translocation                3
   f - Passage of Golubria            Translocation                4
Comestibles
 c - 13 bread rations
 t - a royal jelly
 x - 8 meat rations
 E - 4 beef jerkies


   Skills:
 - Level 5.7 Fighting
 - Level 2.4 Dodging
 - Level 7.3 Stealth
 + Level 14.3 Spellcasting
 - Level 11.3 Conjurations
 + Level 9.4 Summonings
 - Level 12.6 Fire Magic
 - Level 10.8 Invocations


You had 18 spell levels left.
You knew the following spells:

 Your Spells              Type           Power        Failure   Level  Hunger
a - Flame Tongue          Conj/Fire      #####        0%          1    None
b - Conjure Flame         Conj/Fire      #######.     1%          3    None
c - Fireball              Conj/Fire      #######...   1%          5    None
d - Throw Flame           Conj/Fire      ######       0%          2    None
e - Summon Butterflies    Summ           #######.     1%          1    None
f - Summon Hydra          Summ           #######...   21%         7    ###....
g - Gell's Gravitas       Hex/Tloc       ####......   3%          3    None


Dungeon Overview and Level Annotations

Branches:
Dungeon (10/15)            Temple (1/1) D:7            Lair (6/6) D:8
  Swamp (0/4) Lair:3       Spider (0/4) Lair:2        Slime (0/5) Lair:5
    Orc (1/2) D:9

Altars:
Ashenzari
Cheibriados
Elyvilon
Kikubaaqudgha
Nemelex Xobeh
Okawaru
Qazlal
Xom
Zin
Beogh
Jiyva

Shops:
D:2 *   D:7 =

Annotations:
Lair:4 Amnesiac's ghost, journeyman HOGl


Message History

Zapping:
a - a wand of iceblast {zapped: 8} (will waste charges)
Press: ? - help, Shift-Dir - straight line, f/p - death yak
Aim: a death yak (heavily wounded) Nothing appears to happen.
Casting: Fireball
Confirm with . or Enter, or press ? or * to list all spells.
Aiming: Fireball
Press: ? - help, Shift-Dir - straight line, p - death yak The fireball explodes!
The fireball engulfs the death yak.
The death yak is severely wounded.
The death yak closely misses you.
You feel agile all of a sudden.
You feel sick. The death yak gores you!!
You fade into invisibility!
The death yak gores you!!
* * * LOW HITPOINT WARNING * * *
You feel much better. The death yak gores you!
* * * LOW HITPOINT WARNING * * *
The death yak gores you!!
You die...

...........# #..........## ## ####
##......(....#
.###.##..###P..........P#########
#.##.#...................P#.....#
..#..............................
.................................
.................Y...Y.Y...ยง.....
................@................
.......................Y.........
........###..###...###..###......
<.....### #### ##### #### ###....
.....### ##..Y .......# ##..
P......# #.. #.......# #.#
........# ###


You could see 3 death yaks and a yak (wandering).

Vanquished Creatures
  Gastronok (Lair:1)
  Nessos (Lair:5)
  Snorg (Lair:3)
  A hydra (Lair:3)
  A catoblepas (Lair:5)
  2 death yaks (Lair:6)
  Nergalle (Lair:2)
  A manticore (Lair:6)
  11 elephants
  2 oklob plants
  2 ugly things (IceCv)
  7 black mambas
  3 ice statues (IceCv)
  8 spiny frogs
  3 komodo dragons (Lair:4)
  3 rime drakes
  3 jumping spiders (Lair:2)
  5 polar bears
  A hornet (D:7)
  2 trolls
  28 blink frogs
  Grinder (D:3)
  3 hippogriffs
  4 dream sheep (Lair:3)
  31 yaks
  3 wyverns
  The ghost of zkyp the Chopper, an amateur HuCK of Xom (D:4)
  3 basilisks
  3 vampire mosquitoes (Lair:3)
  Menkaure (D:4)
  Duvessa (D:7)
  5 porcupines
  14 water moccasins
  4 orc warriors
  A black bear (D:9)
  A hornet zombie (D:8)
  9 ogres
  10 ice beasts
  11 wolves
  A phantom (D:9)
  7 centaurs
  2 necrophages
  13 crocodiles
  A big kobold (D:9)
  The ghost of Shenda the Skirmisher, an amateur VSFi of Okawaru (D:3)
  2 gnoll sergeants (D:9)
  20 bullfrogs
  Dowan (D:7)
  2 scorpions
  6 killer bees (D:9)
  3 wights (D:8)
  2 electric eels (D:8)
  2 crimson imps
  4 jellies
  A quasit (D:9)
  A centaur zombie (D:3)
  8 orc priests
  9 hounds
  2 centaur skeletons
  Crazy Yiuf (D:3)
  18 orc wizards
  A bullfrog skeleton (D:8)
  Jessica (D:3)
  Natasha (thrice) (D:4)
  5 iguanas
  4 hell rats (Lair:4)
  10 worker ants
  A centaur simulacrum (D:8)
  A howler monkey zombie (D:9)
  A worker ant zombie (D:8)
  10 gnolls
  10 adders
  A river rat (Lair:6)
  A shadow imp (D:5)
  2 white imps (D:8)
  An adder zombie (D:5)
  An adder skeleton (D:5)
  6 worms
  8 leopard geckos
  55 orcs
  8 bats
  2 giant cockroaches
  5 goblins
  9 hobgoblins
  4 jackals
  4 quokkas
  3 ball pythons
  8 frilled lizards
  A jackal simulacrum (D:8)
  6 kobolds
  A leopard gecko skeleton (D:5)
  A rat (D:2)
  4 bushes (Lair:3)
  2 fungi (Lair:6)
  2 plants (Lair:4)
482 creatures vanquished.

Vanquished Creatures (others)
  A bush (Lair:3)
  15 fungi
  18 plants
34 creatures vanquished.

Grand Total: 516 creatures vanquished

Notes
Turn   | Place    | Note
-------+----------+-------------------------------------------
     0 | D:1      | benitares the Deep Elf Fire Elementalist began the quest for the Orb.
     0 | D:1      | Reached XP level 1. HP: 10/10 MP: 6/6
   263 | D:1      | Reached XP level 2. HP: 15/15 MP: 6/8
   513 | D:2      | Found Zin's Purification Station.
   681 | D:2      | Reached XP level 3. HP: 19/19 MP: 6/9
   802 | D:2      | Learned a level 3 spell: Conjure Flame
   997 | D:2      | Found a glowing silver altar of Zin.
  1026 | D:2      | Reached XP level 4. HP: 24/24 MP: 7/10
  1539 | D:3      | Noticed Shenda's ghost (amateur VSFi)
  1645 | D:3      | Noticed Grinder
  1982 | D:4      | Reached skill level 5 in Fire Magic
  1982 | D:4      | Reached XP level 5. HP: 28/28 MP: 7/11
  2019 | D:4      | Learned a level 5 spell: Fireball
  2062 | D:4      | Got a polished shortbow
  2063 | D:4      | Identified the +2 shortbow of Certain Death {venom, +Blink +Fly Int-5} (You found it on level 4 of the Dungeon)
  2089 | D:4      | Found a stormy altar of Qazlal.
  2101 | D:4      | Noticed an ogre
  2107 | D:4      | Killed an ogre
  2237 | D:3      | Reached XP level 6. HP: 32/32 MP: 10/12
  2573 | D:3      | Noticed an orc warrior
  2581 | D:3      | Reached skill level 5 in Conjurations
  2807 | D:3      | Killed an orc warrior
  2940 | D:4      | Noticed Natasha
  2942 | D:4      | Killed Natasha
  3285 | D:4      | Noticed Menkaure
  3435 | D:4      | Learned a level 2 spell: Throw Flame
  3501 | D:4      | Noticed Natasha
  3506 | D:4      | Killed Natasha
  3506 | D:4      | Reached XP level 7. HP: 36/36 MP: 9/13
  3538 | D:4      | Noticed zkyp's ghost (amateur HuCK)
  3654 | D:4      | Killed zkyp's ghost
  3820 | D:4      | Killed Menkaure
  3939 | D:4      | Noticed Natasha
  3958 | D:4      | Killed Natasha
  4081 | D:3      | Paralysed by Grinder for 6 turns
  4088 | D:3      | Killed Grinder
  4088 | D:3      | Reached XP level 8. HP: 13/41 MP: 1/14
  4423 | D:3      | Killed Shenda's ghost
  4648 | D:3      | Noticed Jessica
  4654 | D:3      | Killed Jessica
  4775 | D:3      | Found a runed door.
  4964 | D:3      | Noticed Crazy Yiuf
  4967 | D:3      | Killed Crazy Yiuf
  5064 | D:5      | Entered Level 5 of the Dungeon
  5856 | D:5      | Reached skill level 4 in Spellcasting
  6178 | D:5      | Reached skill level 5 in Spellcasting
  6319 | D:5      | Found a shimmering altar of Xom.
  6390 | D:5      | Found a white marble altar of Elyvilon.
  6476 | D:5      | Reached skill level 6 in Spellcasting
  6611 | D:6      | Reached XP level 9. HP: 22/45 MP: 13/20
  6904 | D:6      | Found a runed door.
  7216 | D:6      | Reached skill level 10 in Fire Magic
  8083 | D:6      | Found a roughly hewn altar of Beogh.
  8273 | D:7      | Found a staircase to the Ecumenical Temple.
  8290 | D:7      | Noticed Dowan
  8303 | Temple   | Entered the Ecumenical Temple
  8343 | Temple   | Became a worshipper of Cheibriados the Contemplative
  8403 | D:7      | Noticed Duvessa
  8413 | D:7      | Killed Duvessa
  8415 | D:7      | Killed Dowan
  8653 | D:7      | Found Misewer's Jewellery Shoppe.
  9413 | D:8      | Noticed a polar bear
  9422 | D:8      | Killed a polar bear
  9422 | D:8      | Reached skill level 10 in Conjurations
  9422 | D:8      | Reached XP level 10. HP: 50/50 MP: 17/22
  9589 | D:8      | Reached * piety under Cheibriados
  9907 | D:8      | Upgraded the game from 0.19-a0-1815-g4007336 to 0.19-a0-1821-g42c593c
 10392 | D:8      | Found a staircase to the Lair.
 10590 | D:8      | Reached ** piety under Cheibriados
 11245 | Lair:1   | Entered Level 1 of the Lair of Beasts
 11245 | Lair:1   | Noticed a black mamba
 11245 | Lair:1   | Noticed a black mamba
 11254 | Lair:1   | Killed a black mamba
 11504 | D:9      | Reached skill level 7 in Spellcasting
 11505 | D:9      | Reached skill level 1 in Invocations
 12074 | D:9      | Reached *** piety under Cheibriados
 12150 | D:9      | Learned a level 3 spell: Vampiric Draining
 12263 | D:10     | Entered Level 10 of the Dungeon
 12535 | D:9      | Reached skill level 8 in Spellcasting
 12813 | D:9      | Reached XP level 11. HP: 45/54 MP: 15/25
 13276 | D:9      | Found a staircase to the Orcish Mines.
 13292 | D:9      | Reached skill level 5 in Stealth
 13482 | Orc:1    | Entered Level 1 of the Orcish Mines
 13482 | Orc:1    | Noticed an orc knight
 13510 | D:8      | Reached skill level 9 in Spellcasting
 13616 | Lair:1   | Reached **** piety under Cheibriados
 13881 | Lair:1   | Got a shimmering jade ring
 13927 | Lair:1   | Noticed Gastronok
 14830 | Lair:1   | Reached skill level 10 in Spellcasting
 15188 | Lair:1   | Killed Gastronok
 15188 | Lair:1   | Reached skill level 11 in Spellcasting
 15204 | Lair:1   | Reached ***** piety under Cheibriados
 15464 | Lair:2   | Reached skill level 5 in Invocations
 15712 | Lair:2   | Reached skill level 1 in Fighting
 16132 | Lair:2   | Found a hole to the Spider Nest.
 16205 | Lair:2   | Got a clouded wooden ring
 16229 | Lair:2   | Reached skill level 12 in Spellcasting
 16387 | Lair:2   | Noticed Nergalle
 16391 | Lair:2   | Noticed a spectral orc warlord
 16392 | Lair:2   | Killed Nergalle
 16392 | Lair:2   | Reached XP level 12. HP: 64/64 MP: 18/30
 16545 | Lair:2   | Found a snail-covered altar of Cheibriados.
 17099 | Lair:3   | Identified the ring of Segodaoz {rCorr rElec rF- rC+ Str+3 Int+6} (You found it on level 1 of the Lair of Beasts)
 17470 | Lair:3   | Noticed Snorg
 17474 | Lair:3   | Killed Snorg
 17742 | Lair:3   | Reached skill level 5 in Fighting
 18217 | Lair:3   | Identified the ring "Ocouxadde" {rCorr rC+} (You found it on level 2 of the Lair of Beasts)
 18286 | Lair:3   | Noticed a seven-headed hydra
 18289 | Lair:3   | Killed a seven-headed hydra
 18346 | Lair:3   | Learned a level 1 spell: Summon Butterflies
 18443 | Lair:3   | Found a staircase to the Swamp.
 18591 | Lair:3   | Reached skill level 1 in Summonings
 19101 | Lair:4   | Reached ****** piety under Cheibriados
 19107 | Lair:4   | Reached XP level 13. HP: 74/74 MP: 3/31
 19286 | Lair:3   | Reached skill level 10 in Invocations
 19454 | Lair:4   | Reached skill level 5 in Summonings
 19583 | Lair:4   | Noticed Amnesiac's ghost (journeyman HOGl)
 19708 | Lair:3   | Learned a level 7 spell: Summon Hydra
 20224 | Lair:4   | Found a shattered altar of Ashenzari.
 20589 | Lair:5   | Noticed Nessos
 20725 | Lair:5   | Killed Nessos
 20725 | Lair:5   | Reached skill level 13 in Spellcasting
 21385 | Lair:5   | Found a staircase to the Slime Pits.
 21385 | Lair:5   | Found a viscous altar of Jiyva.
 21940 | Lair:6   | Entered Level 6 of the Lair of Beasts
 22019 | Lair:6   | Found a frozen archway.
 22145 | Lair:6   | Learned a level 3 spell: Gell's Gravitas
 22146 | IceCv    | Entered an ice cave
 22392 | IceCv    | Reached skill level 14 in Spellcasting
 22555 | IceCv    | Got a slimy ice dragon armour
 22558 | IceCv    | Identified the +2 ice dragon armour "Kepaequ" {rF- rC++ Slay+6} (You found it in an ice cave)
 22984 | Lair:6   | Mangled by a death yak

Vault maps used:
D:1:      dpeg_arrival_radiant
D:2:      zin_purify, minmay_tromino_mix6
D:3:      uniq_jessica, uniq_grinder, uniq_crazy_yiuf_cottage
D:4:      first_bread, grunt_qazlal_sundering, uniq_natasha, uniq_menkaure
D:5:      minitemple, dk_noncrumbling_2
D:6:      lightli_church_of_beogh
D:7:      serial_shops, shop_statue, uniq_duvessa
D:8:      erik_lair_island, serial_ice, serial_ice_d, serial_ice_k,
          serial_ice_a, serial_ice_n, serial_ice_g, serial_ice_m
D:9:      kennysheep_orc_monster_closet_entryway, grunt_ogre_cave, st_stairs_9
D:10:     bh_hangedman_babel_library
Temple:   dpeg_five_rooms_temple
Lair:1:   lab_entry_generic, cheibrodos_lair_reptile_den, uniq_gastronok
Lair:2:   spider_nest_entry_funnel_web, lemuel_centaur_altar, uniq_nergalle
Lair:3:   minmay_swamp_entry_swarm, minmay_lair_oklob_bushes,
          grunt_megastairs_1, serial_bayou_shore_b, uniq_snorg
Lair:4:   lemuel_oklob_altar, serial_bayou_shore_a, grunt_megastairs_2
Lair:5:   beast_lair_carwin_large_2, slime_altar_1, uniq_nessos
Lair:6:   guppyfry_lair_end_dragon, hangedman_lair_in_review,
          portal_ice_cave_entry_animals_and_master
Orc:1:    minmay_orc_treasury
IceCv:    ice_cave_statue_garden_chambered

Skill      XL: |  1  2  3  4  5  6  7  8  9 10 11 12 13 |
---------------+----------------------------------------+-----
Conjurations   | 2 3 4 5 7 10 11 | 11.3
Fire Magic     | 4 5 6 7 9 11 12 | 12.6
Spellcasting   | 6 8 12 14 | 14.3
Invocations    | 2 5 9 10 | 10.8
Stealth        | 3 7 |  7.3
Fighting       | 2 5 |  5.7
Summonings     | 3 9 |  9.4
Dodging        | |  2.4

Action                   |  1- 3 |  4- 6 |  7- 9 | 10-12 | 13-15 || total
-------------------------+-------+-------+-------+-------+-------++-------
Melee: Club              |       |       |       |    25 |       ||    25
       Unarmed           |       |       |       |    25 |       ||    25
       Long sword        |       |       |       |    11 |     9 ||    20
 Cast: Flame Tongue      |    46 |   103 |   190 |   125 |    18 ||   482
       Conjure Flame     |       |     5 |     7 |    13 |       ||    25
       Throw Flame       |       |       |    44 |   267 |    64 ||   375
       Fireball          |       |       |    21 |   121 |    97 ||   239
       Vampiric Draining |       |       |       |     1 |       ||     1
       Summon Butterflie |       |       |       |       |     1 ||     1
       Summon Hydra      |       |       |       |       |     1 ||     1
Invok: Slouch            |       |       |       |     1 |    10 ||    11
Evoke: Wand              |       |       |       |     3 |     7 ||    10
  Use: Scroll            |       |     4 |     9 |    14 |    12 ||    39
       Potion            |       |       |       |     9 |     6 ||    15
  Eat: Chunk             |       |     8 |    20 |    10 |     3 ||    41
       Meat ration       |       |       |     1 |     1 |       ||     2
       Beef jerky        |       |       |       |     2 |     1 ||     3
       Fruit             |       |       |       |       |     3 ||     3
Armor: Robe              |     3 |     8 |    17 |    64 |       ||    92
       Leather armour    |       |       |       |     7 |    19 ||    26
Dodge: Dodged            |    14 |    14 |    38 |   169 |    47 ||   282
       Rpst.: Long sword |       |       |       |    20 |    18 ||    38
